Map: [ESL] Hard Lead

Players

herO

  • Race: Protoss Protoss
  • Spawn Location: 11:00

HeroMarine - Winner!

  • Race: Terran Terran
  • Spawn Location: 5:00

Event: ESL SC2 Masters 2023 Winter (Finals)

VOD

Have the link to the VOD?

Description

Time

  • Played on: Dec. 16, 2023, 11:18 a.m.
  • Length: 7:41

All games in this series

Show
View Real Time Build Order
Export as new Build Order

herO Protoss 

Build Orders:  

Get SALT Encoding   

  12  0:00  Probe  
  13  0:12  Probe  
  14  0:17  Pylon  
  14  0:24  Probe  
  15  0:35  Gateway  
  15  0:36  Probe  
  16  0:42  Assimilator  
  16  0:48  Probe  
  17  0:56  Pylon  
  17  1:00  Probe  
  18  1:12  Probe  
  18  1:14  Gateway  
  19  1:23  Cybernetics Core  
  19  1:27  Zealot  
  19  1:31  Probe  
  22  1:40  Assimilator  
  22  1:43  Probe  
  23  1:57  Stalker (Chrono Boost)  
  23  1:59  Stalker (Chrono Boost)  
  26  2:04  Pylon  
  27  2:10  Warp Gate (Chrono Boost)  
  27  2:19  Adept (Chrono Boost)  
  27  2:22  Probe  
  32  2:26  Adept (Chrono Boost)  
  32  2:34  Probe  
  33  2:41  Adept  
  35  2:49  Adept  
  35  2:50  Probe  
  38  2:54  Pylon  
  36  3:14  Nexus  
  36  3:17  Sentry  
  36  3:19  Sentry  
  38  3:24  Probe  
  35  3:37  Shield Battery, Probe  
  34  3:52  Stalker x2  
  38  3:57  Probe  
  39  4:09  Probe  
  40  4:16  Stalker x2  
  42  4:20  Twilight Council  
  42  4:25  Probe (Chrono Boost)  
  42  4:28  Probe (Chrono Boost)  
  42  4:36  Probe (Chrono Boost)  
  42  4:38  Probe (Chrono Boost)  
  44  4:41  Probe (Chrono Boost)  
  44  4:42  Probe (Chrono Boost)  
  44  4:51  Probe  
  44  4:52  Gateway  
  45  4:54  Blink (Chrono Boost), Probe  
  46  5:01  Stalker  
  46  5:03  Probe  
  46  5:06  Probe  
  50  5:07  Adept  
  52  5:14  Robotics Facility  
  52  5:17  Probe  
  52  5:18  Probe  
  52  5:20  Pylon  
  54  5:24  Assimilator  
  54  5:27  Assimilator  
  54  5:35  Probe x2  
  50  5:43  Stalker x2  
  50  5:48  Shield Battery  
  50  5:49  Probe x2  
  55  6:01  Observer, Probe x2  
  56  6:05  Stalker  
  56  6:07  Stalker  
  57  6:13  Probe  
  56  6:21  Probe  
  56  6:23  Observer (Chrono Boost)  
  56  6:25  Probe  
  57  6:40  Warp Prism (Chrono Boost)  
  57  6:41  Stalker  
  57  6:44  Pylon  
  60  6:54  Stalker  
  61  6:55  Probe  
  61  6:56  Probe  
  59  7:04  Stalker  
  59  7:07  Probe  
  59  7:08  Probe  
  48  7:12  Observer  
  41  7:20  Stalker  
  34  7:25  Probe x2  
  34  7:27  Stalker  
Show
View Real Time Build Order
Export as new Build Order

HeroMarine Terran - Winner!

Build Orders: Cyclone Opening 

Get SALT Encoding   

  12  0:00  SCV  
  13  0:12  SCV  
  14  0:16  Supply Depot  
  14  0:24  SCV  
  15  0:38  Barracks, SCV  
  16  0:43  Refinery  
  16  0:50  SCV  
  16  0:52  Refinery  
  17  1:02  SCV  
  18  1:14  SCV  
  19  1:25  Barracks Reactor  
  19  1:26  Orbital Command  
  19  1:27  Supply Depot  
  19  1:39  Factory  
  19  1:52  SCV  
  20  2:01  Reaper x2  
  22  2:04  SCV  
  23  2:18  Command Center  
  23  2:23  Hellion  
  23  2:26  SCV  
  26  2:35  Marine x2  
  28  2:38  SCV  
  29  2:44  Cyclone  
  31  2:56  SCV  
  31  2:57  Marine  
  31  3:06  Command Center  
  31  3:10  Supply Depot  
  31  3:17  Starport  
  31  3:18  Factory Tech Lab  
  31  3:20  Marine  
  31  3:25  SCV  
  31  3:31  Marine  
  32  3:37  SCV  
  32  3:38  Marine  
  34  3:42  Factory Tech Lab  
  34  3:49  SCV, Marine  
  36  3:56  Marine  
  36  4:00  Siege Tank  
  36  4:02  SCV  
  39  4:08  Cloaking Field  
  39  4:11  Marine  
  39  4:17  Marine  
  39  4:18  Banshee, SCV  
  40  4:29  Orbital Command, Marine  
  40  4:30  SCV  
  42  4:35  Marine  
  43  4:42  SCV  
  42  4:48  Marine  
  42  4:52  Orbital Command, Siege Tank  
  45  4:53  Marine  
  45  4:58  Supply Depot  
  45  4:59  SCV  
  46  5:00  Banshee  
  49  5:11  Supply Depot, SCV  
  49  5:12  Marine  
  50  5:16  Marine  
  50  5:19  SCV  
  52  5:23  SCV  
  53  5:28  Siege Tank  
  53  5:32  SCV  
  57  5:36  Marine x2  
  57  5:41  SCV  
  60  5:44  SCV  
  60  5:45  Banshee  
  64  5:53  SCV  
  64  5:55  Marine x2, Supply Depot  
  64  5:57  SCV  
  68  6:05  Barracks  
  68  6:06  SCV  
  68  6:09  SCV  
  70  6:16  Siege Tank  
  70  6:18  SCV  
  74  6:20  Marine  
  74  6:21  SCV, Marine  
  77  6:29  Engineering Bay  
  77  6:30  Barracks, SCV  
  78  6:47  Marine  
  78  6:49  SCV  
  78  6:51  SCV  
  78  7:00  Marine  
  78  7:01  Raven, SCV  
  78  7:04  Siege Tank  
  78  7:05  Marine, SCV  
  78  7:13  SCV  
  72  7:16  Command Center, Refinery  
  72  7:17  Bunker, SCV, Refinery  
  72  7:18  Barracks Tech Lab, Marine  
  69  7:25  SCV  
  72  7:33  Barracks x2  
  72  7:34  Missile Turret  
  73  7:38  Missile Turret  
Tags
 
Add a new tag
Caveats
  • Supply blocks, unpowered buildings, or Contaminate may cause inaccurate times.
  • Supply counts are checked every 10 seconds.